 Dungeon Crawl Stone Soup version 0.30-a0-878-gc727b3d3d6 (webtiles) character file.

Game seed: 12519954346590521140

1158 AironDCSS the Ruffian (level 8, -1/78 HPs)
             Began as a Troll Berserker on Mar 12, 2023.
             Was an Elder of Trog.
             Succumbed to a water moccasin's poison
             ... on level 5 of the Dungeon.
             The game lasted 00:42:26 (5620 turns).

AironDCSS the Ruffian (Troll Berserker)             Turns: 5620, Time: 00:42:26

Health: -1/78      AC:  5    Str: 27    XL:     8   Next: 16%
Magic:  15/15      EV: 10    Int:  7    God:    Trog [****..]
Gold:   349        SH:  0    Dex:  8    Spells: 7/7 levels left

rFire   . . .      SeeInvis .      - Unarmed
rCold   . . .      Faith    .    (no shield)
rNeg    . . .      Spirit   .    a - +1 animal skin
rPois   .          Reflect  .    (helmet restricted)
rElec   .          Rampage  .    (no cloak)
rCorr   .                        (gloves unavailable)
Will    +....                    (boots unavailable)
Stlth   +                        (no amulet)
HPRegen 1.13/turn                l - ring of magical power
MPRegen 0.14/turn                (no ring)

@: lethally poisoned (-1 -> -5)
A: large, unfitting armour, claws 3, regeneration 1, shaggy fur 1, tough skin 1,
clever 1, low MP 1, strong-willed 1
a: Renounce Religion, Berserk, Trog's Hand, Brothers in Arms


You were on level 5 of the Dungeon.
You worshipped Trog.
Trog was greatly pleased with you.
You visited 1 branch of the dungeon, and saw 6 of its levels.
You also visited: Ossuary.

You collected 349 gold pieces.

Inventory:

Hand Weapons
 g - a +2 trident of flaming
 i - a +1 dagger of speed
Missiles
 d - 86 stones (quivered)
Armour
 a - a +1 animal skin (worn)
Jewellery
 l - a ring of magical power (left claw)
Scrolls
 j - a scroll of torment
 n - 3 scrolls of identify
 p - a scroll of enchant armour
Potions
 b - 2 potions of cancellation {unknown}
 c - 2 potions of brilliance
 e - 2 potions of degeneration
 h - 5 potions of curing
 k - 2 potions of lignification {unknown}
 m - 2 potions of mutation


   Skills:
 + Level 3.9 Fighting
 + Level 4.8 Dodging
 + Level 0.6 Stealth
 + Level 7.8 Unarmed Combat


You had 7 spell levels left.
You didn't know any spells.
Your spell library contained the following spells:

 Spells                   Type           Power      Damage    Failure   Level
 Apportation              Tloc           0%         N/A       43%         1
 Necrotise                Necr           0%         1d4       43%         1
 Summon Small Mammal      Summ           0%         N/A       43%         1


Dungeon Overview and Level Annotations

Branches:
Dungeon (6/15)             Temple (0/1) D:4         Ossuary (visited)

Altars:
Dithmenos
Makhleb
Ru

Shops:
D:1 [


Innate Abilities, Weirdness & Mutations

You are too large for most types of armour.
You have claws for hands.
Your natural rate of healing is unusually fast.
You are covered in fur. (AC +1)
You have tough skin. (AC +1)
Your mind is acute. (Int +4, Str/Dex -1)
Your magical capacity is low. (-10% MP)
You are strong-willed. (Will+)


Message History

Things that are here:
a +0 club; a +0 ring mail
Things that are here:
a +0 trident of flaming; a +0 ring mail The water moccasin attacks as you move away!
The water moccasin bites you.
Things that are here:
a +0 hand axe; an orc corpse The water moccasin attacks as you move away!
The water moccasin bites you.
You are poisoned.
The water moccasin poisons you!
You feel very sick. The water moccasin bites you.
You feel very sick. The water moccasin barely misses you.
There is a stone staircase leading up here.
You feel sick. The water moccasin bites you.
You are more poisoned.
The water moccasin poisons you! The water moccasin bites you.
You are more poisoned.
The water moccasin poisons you!
You climb upwards.
* * * LOW HITPOINT WARNING * * *
You feel extremely sick.
There is a stone staircase leading down here.
You mangle the water moccasin!!
The water moccasin is almost dead.
* * * LOW HITPOINT WARNING * * *
You feel very sick. The water moccasin closely misses you.
You barely miss the water moccasin.
The water moccasin is almost dead.
* * * LOW HITPOINT WARNING * * *
You feel very sick. The water moccasin bites you.
* * * LOW HITPOINT WARNING * * *
* * * LOW HITPOINT WARNING * * *
You feel very sick.
You die...

#.# #.# #....##......... #.#
#.# ### #.#####..##....# #.#
#.####.###.# #..##....#
#.###..........#####..##....#
##.....................##....#
#................####..#######
#.....#####.##................
#.............##..............
#.....##.....@.S..............
#.....##############...##.....
#.....# ##.......#...........
####### ##.#._.#.##.#......#.
##.#...#.##.#).....#.
##.#####.#....##.###.
##.......##.#.##.....
####'''###.....#.....
##.#...##......#.....


You could see a water moccasin.

Vanquished Creatures
  A black bear (D:5)
  3 elf zombies (Ossuary)
  A gnoll sergeant (D:6)
  3 scorpions
  A bullfrog (D:5)
  3 centaur zombies (Ossuary)
  A human zombie (Ossuary)
  A jelly (D:5)
  An orc priest (D:4)
  A gnoll bouda (D:5)
  A sleepcap (D:5)
  Natasha (D:2)
  3 mummies
  4 adders
  8 gnolls
  2 worms
  A dart slug (D:2)
  22 orcs
  5 ball pythons
  2 bats
  6 endoplasms
  5 giant cockroaches
  6 hobgoblins
  5 jackals
  7 kobolds
  3 quokkas
  5 frilled lizards
  6 goblins
  A goblin zombie (Ossuary)
  8 hobgoblin zombies (Ossuary)
  2 jackal zombies (Ossuary)
  12 kobold zombies
  9 orc zombies
  5 rats
145 creatures vanquished.

Notes
Turn   | Place    | Note
-------+----------+-------------------------------------------
     0 | D:1      | AironDCSS the Troll Berserker began the quest for the Orb.
     0 | D:1      | Reached XP level 1. HP: 22/22 MP: 0/0
    55 | D:1      | Found a faded altar of an unknown god.
   287 | D:1      | Found Houmoero's Armour Shoppe.
   454 | D:1      | Reached XP level 2. HP: 29/29 MP: 1/1
   718 | D:1      | Reached XP level 3. HP: 32/36 MP: 2/2
  1335 | D:2      | Found a burning altar of Makhleb.
  1472 | D:2      | Reached ** piety under Trog
  1552 | D:2      | Reached XP level 4. HP: 45/45 MP: 3/3
  1668 | D:2      | Reached skill level 4 in Unarmed Combat
  1796 | D:2      | Noticed Natasha
  1814 | D:2      | Killed Natasha
  2243 | D:3      | Gained mutation: You are strong-willed. (Will+) [potion of
                  | mutation]
  2243 | D:3      | Gained mutation: Your magical capacity is low. (-10% MP)
                  | [potion of mutation]
  2243 | D:3      | Gained mutation: Your mind is acute. (Int +4, Str/Dex -1)
                  | [potion of mutation]
  2492 | D:3      | Identified the +2 pair of gloves "Nifo" {Harm *Slow rC++
                  | rCorr}
  3130 | D:4      | Found a staircase to the Ecumenical Temple.
  3253 | D:4      | Reached XP level 5. HP: 50/53 MP: 3/3
  3355 | D:4      | Found a shadowy altar of Dithmenos.
  3606 | D:4      | Found a sand-covered staircase.
  3613 | D:4      | Reached *** piety under Trog
  3700 | Ossuary  | Entered an ossuary
  3862 | Ossuary  | Reached skill level 5 in Unarmed Combat
  3867 | Ossuary  | Reached XP level 6. HP: 43/61 MP: 4/4
  3976 | Ossuary  | Reached skill level 6 in Unarmed Combat
  4080 | Ossuary  | Reached XP level 7. HP: 39/67 MP: 5/5
  4080 | Ossuary  | Reached **** piety under Trog
  4231 | D:5      | Entered Level 5 of the Dungeon
  4504 | D:5      | Reached skill level 7 in Unarmed Combat
  4541 | D:5      | Found a sacrificial altar of Ru.
  5507 | D:6      | Reached XP level 8. HP: 54/78 MP: 6/6
  5619 | D:5      | HP: 1/78 [poisoned by a water moccasin]
  5620 | D:5      | Succumbed to a water moccasin's poison

Illustrated notes

Levels and vault maps discovered:
D:1:      tarquinn_simple_flora_water_f, layout_basic,
          ebering_ecumenical_altar_abandoned, serial_shops, shop_fountains
D:2:      layout_basic, basic_altar, kennysheep_flooded_box,
          minmay_heptomino_d4, uniq_natasha
D:3:      layout_loops_ring
D:4:      layout_rooms, mainiacjoe_overflow_paths, minmay_temple_entry_statues,
          nicolae_ossuary_entry_giza, minmay_misc_feat_x
D:5:      layout_basic, mainiacjoe_overflow_alcove_4
D:6:      layout_basic, grunt_ministairs_15

Skill      XL: |  1  2  3  4  5  6  7 |
---------------+----------------------+-----
Fighting       | 3 |  3.9
Unarmed Combat | 4 5 6 7 |  7.8
Dodging        | 3 4 |  4.8
Stealth        | |  0.6

Action                     |  1- 3 |  4- 6 |  7- 9 || total
---------------------------+-------+-------+-------++-------
  Melee: Unarmed           |    93 |   235 |   114 ||   442
         Punch             |       |     9 |     5 ||    14
    Use: Potion            |       |     6 |     3 ||     9
         Scroll            |       |     4 |     2 ||     6
 Armour: Animal skin       |    29 |    85 |    32 ||   146
  Dodge: Dodged            |    63 |   126 |    99 ||   288

Table legend: (Time is in decaauts)
 A = Elapsed time spent in this place.
 B = Non-inter-level travel time spent in this place.
 C = Inter-level travel time spent in this place.
 D = Time resting spent in this place.
 E = Time spent auto-exploring this place.
 F = Levels seen in this place.
 G = Mean time per level.
                   A        B        C        D        E       F      G
               +--------+--------+--------+--------+--------+-----+--------+
         Total |   5558 |   5492 |     66 |      0 |      0 |   7 |  794.0 |
       Dungeon |   5151 |   5085 |     66 |      0 |      0 |   6 |  858.5 |
       Ossuary |    407 |    407 |      0 |      0 |      0 |   1 |  407.0 |
               +--------+--------+--------+--------+--------+-----+--------+

Top non-repeatable levels by time:
     D:1: 1231 daAuts
     D:5: 1187 daAuts
     D:3: 998 daAuts
     D:2: 807 daAuts
     D:4: 754 daAuts
 Ossuary: 407 daAuts
     D:6: 171 daAuts
